Map: Blueshift LE

Players

Cliggity - Winner!

  • Race: Protoss Protoss
  • League: Platinum
  • Spawn Location: 1:00

Fara

  • Race: Terran Terran
  • League: Platinum
  • Spawn Location: 7:00

VOD

Have the link to the VOD?

Description

Time

  • Played on: Oct. 26, 2018, 1:13 a.m.
  • Length: 17:47
Show
View Real Time Build Order
Export as new Build Order

Cliggity Protoss - Winner!

Build Orders: Blink Stalkers 

Get SALT Encoding   

  12  0:00  Probe  
  13  0:13  Probe  
  14  0:17  Pylon  
  14  0:25  Probe  
  15  0:36  Probe  
  15  0:37  Gateway  
  16  0:44  Probe  
  16  0:49  Assimilator  
  17  0:54  Probe  
  17  1:03  Pylon  
  18  1:06  Probe  
  19  1:18  Probe  
  20  1:27  Cybernetics Core  
  20  1:30  Probe  
  21  1:38  Assimilator  
  21  1:42  Probe  
  22  1:51  Gateway  
  22  1:54  Stalker  
  22  1:55  Probe  
  23  2:03  Warp Gate  
  23  2:07  Probe  
  26  2:19  Probe, Robotics Facility  
  27  2:43  Nexus  
  27  2:48  Stalker  
  29  3:00  Twilight Council  
  29  3:01  Probe  
  30  3:09  Observer  
  31  3:23  Pylon  
  31  3:28  Blink  
  31  3:29  Probe  
  31  3:40  Warp Prism  
  33  3:45  Gateway  
  33  3:50  Pylon  
  33  3:52  Probe x2  
  33  4:00  Probe x2  
  33  4:02  Observer  
  37  4:18  Pylon  
  37  4:32  Observer, Stalker  
  37  4:33  Stalker  
  37  4:34  Warp Prism  
  43  4:40  Probe  
  43  4:43  Probe  
  45  4:48  Probe  
  45  4:51  Shield Battery, Pylon  
  46  4:55  Probe  
  46  4:58  Probe  
  47  5:01  Assimilator  
  47  5:04  Observer  
  48  5:07  Probe  
  48  5:10  Probe  
  50  5:18  Zealot x3  
  50  5:20  Probe  
  57  5:22  Probe  
  57  5:35  Probe x2  
  59  5:41  Assimilator  
  59  5:49  Charge  
  59  5:52  Gateway  
  59  5:53  Gateway  
  59  6:04  Pylon  
  59  6:06  Pylon  
  59  6:18  Templar Archives  
  59  6:27  Immortal  
  57  6:40  Gateway x2  
  57  6:41  Nexus  
  57  6:44  Pylon  
  57  6:45  Pylon  
  57  6:56  Zealot x2  
  59  7:18  Gateway  
  56  7:24  Stalker  
  56  7:25  Stalker x2  
  43  8:01  Immortal  
  47  8:08  Zealot x2  
  47  8:24  Probe x2  
  49  8:30  Probe  
  49  8:32  Probe x2  
  50  8:35  Psionic Storm  
  50  8:38  Probe  
  50  8:40  Probe  
  50  8:52  Probe x2  
  50  8:53  Probe  
  53  9:04  Probe, High Templar x3  
  53  9:05  High Templar  
  62  9:10  Probe  
  62  9:11  Probe  
  62  9:16  Probe  
  65  9:22  Probe  
  65  9:23  Probe  
  67  9:31  Assimilator, Probe  
  67  9:36  Probe x2  
  70  9:45  Zealot x4  
  72  10:04  Zealot x2  
  72  10:05  Archon  
  72  10:25  Probe x2  
  72  10:26  Probe  
  71  10:33  Probe x2  
  71  10:34  Probe  
  67  10:37  High Templar x6  
  67  10:41  Probe, Archon  
  67  10:42  Archon  
  83  10:51  Probe x3  
  86  10:59  Probe x3  
  89  11:08  Probe x2  
  89  11:10  Immortal  
  95  11:21  Forge  
  95  11:24  Forge  
  95  11:27  Pylon x2  
  95  11:28  Pylon  
  95  11:29  Pylon  
  95  11:33  Zealot x4  
  95  11:34  Zealot  
  99  11:45  Protoss Ground Weapons Level 1  
  95  11:49  Immortal, High Templar  
  99  11:55  Probe  
  99  11:56  Probe x2  
  99  11:59  Assimilator  
  100  12:03  Assimilator  
  100  12:04  Shield Battery  
  100  12:05  High Templar x2  
  100  12:06  Zealot x3  
  100  12:07  Shield Battery  
  110  12:14  Gateway  
  110  12:15  Gateway  
  110  12:16  Pylon  
  110  12:17  Pylon  
  110  12:19  Pylon  
  110  12:23  Protoss Ground Armor Level 1  
  110  12:42  Zealot x6  
  122  12:47  Immortal  
  126  12:56  Dark Shrine  
  126  13:08  Nexus  
  126  13:12  Assimilator  
  126  13:15  Assimilator  
  126  13:18  Robotics Facility  
  126  13:19  Pylon  
  126  13:21  Pylon  
  126  13:25  Zealot x7  
  126  13:26  Observer  
  141  13:38  Probe x2  
  141  13:39  Probe  
  144  13:51  Protoss Ground Weapons Level 2  
  142  14:01  Probe  
  142  14:02  Probe x2  
  145  14:03  Protoss Ground Armor Level 2  
  145  14:07  Zealot x3  
  145  14:08  Zealot x4  
  157  14:16  Warp Prism  
  157  14:18  Observer  
  160  14:32  Gateway, Dark Templar x7  
  174  14:39  Gateway  
  174  14:46  Immortal  
  178  14:53  Immortal  
  172  15:43  Dark Templar  
  172  15:45  High Templar x6  
  186  15:50  Archon  
  186  15:51  Archon x2  
  184  16:18  Probe x3  
  184  16:24  Immortal x2  
  193  16:51  Zealot x3  
  194  17:03  Archon  
  194  17:04  Archon x2  
  152  17:21  Zealot x3  
  152  17:22  Zealot x8  
Show
View Real Time Build Order
Export as new Build Order

Fara Terran 

Build Orders:  

Get SALT Encoding   

  12  0:01  SCV  
  13  0:13  SCV  
  14  0:21  Supply Depot  
  14  0:25  SCV  
  15  0:43  SCV  
  15  0:44  Barracks  
  16  0:54  Supply Depot  
  16  0:55  SCV  
  17  0:59  Refinery  
  17  1:07  SCV  
  18  1:19  SCV  
  20  1:37  Orbital Command  
  20  1:43  Barracks Reactor  
  19  1:53  Command Center  
  19  2:07  Refinery  
  19  2:22  Marine x2  
  21  2:24  Factory  
  21  2:28  Bunker  
  21  2:31  SCV  
  22  2:39  Marine  
  22  2:40  Marine  
  22  2:43  SCV  
  25  2:47  Engineering Bay  
  25  2:56  SCV  
  26  3:08  SCV  
  26  3:09  Starport  
  27  3:19  Cyclone  
  30  3:20  Barracks Tech Lab  
  30  3:26  Missile Turret  
  30  3:31  Missile Turret  
  30  3:33  Orbital Command  
  30  3:39  SCV  
  31  3:48  Cyclone  
  34  3:50  Starport Reactor  
  34  3:59  Missile Turret  
  34  4:02  SCV x2  
  36  4:10  Stimpack  
  36  4:19  Widow Mine  
  36  4:24  SCV x2, Barracks  
  40  4:36  SCV x2  
  42  4:39  Missile Turret  
  42  4:46  Medivac x2  
  46  4:53  Supply Depot  
  46  4:58  Missile Turret  
  46  5:13  Barracks Reactor  
  46  5:14  Barracks  
  46  5:15  Marauder  
  48  5:33  Widow Mine, Cyclone  
  53  5:39  SCV  
  54  5:43  Refinery x2  
  54  5:44  Supply Depot  
  54  6:05  SCV x2  
  54  6:06  Marauder, Marine  
  54  6:07  Marine  
  54  6:09  Medivac  
  62  6:17  SCV  
  57  6:26  Marine  
  57  6:28  Medivac  
  59  6:39  Barracks Reactor  
  59  6:45  Marauder  
  61  7:06  Marine  
  62  7:28  Marauder, Widow Mine, Cyclone  
  61  7:31  Reaper  
  61  7:35  Supply Depot  
  61  7:36  Marine  
  63  7:43  Barracks  
  62  7:49  Marauder  
  59  7:54  Marine, Command Center  
  53  8:00  Supply Depot  
  53  8:03  Marine  
  50  8:07  Viking x2  
  50  8:10  Marine  
  53  8:20  Marine x2  
  53  8:25  Terran Infantry Weapons Level 1  
  55  8:27  Cyclone  
  55  8:28  Missile Turret  
  55  8:29  Marauder  
  55  8:32  Barracks  
  60  8:38  Marine  
  56  8:49  Missile Turret  
  56  8:50  Marauder  
  56  8:55  Marine x2  
  60  9:10  SCV  
  60  9:11  Marauder  
  60  9:14  Reaper  
  60  9:15  Barracks Reactor  
  64  9:19  SCV  
  64  9:22  SCV  
  66  9:25  Orbital Command  
  67  9:31  SCV  
  67  9:32  Marine  
  67  9:33  Marauder  
  70  9:54  Marauder  
  57  10:11  Ghost Academy  
  57  10:12  Widow Mine x2, Marine x2  
  57  10:13  Marine x2  
  63  10:16  Marauder  
  64  10:24  Terran Infantry Armor Level 1  
  64  10:27  Orbital Command  
  61  10:29  Armory  
  61  10:33  SCV  
  60  10:37  Marauder  
  62  10:45  SCV  
  63  10:55  SCV  
  63  10:56  SCV  
  65  10:57  SCV  
  65  10:58  Marauder  
  68  11:04  Marine x2  
  68  11:05  Marine x2  
  68  11:07  Barracks Reactor  
  68  11:08  SCV x2  
  68  11:09  SCV  
  75  11:20  Marauder, SCV  
  75  11:21  SCV  
  75  11:22  Marine x2  
  81  11:33  SCV  
  82  11:41  Marauder  
  82  11:44  Liberator x2  
  78  11:58  Marine  
  78  11:59  Marine  
  86  12:02  Marine x4  
  92  12:13  Refinery  
  92  12:14  Refinery  
  92  12:16  Marine  
  93  12:26  Barracks  
  93  12:31  Unknown  
  95  12:58  Marine x2  
  95  12:59  Unknown, Marine x4  
  95  13:04  Supply Depot  
  103  13:13  Factory  
  103  13:14  Hellbat  
  103  13:15  Hellbat  
  103  13:16  Marine x2  
  109  13:25  Command Center  
  109  13:26  Medivac x2  
  113  13:29  Supply Depot  
  113  13:30  Marine  
  113  13:31  Combat Shield  
  113  13:33  Unknown  
  113  13:34  Marauder  
  116  13:40  SCV  
  117  13:49  Supply Depot  
  117  13:51  Hellbat  
  117  13:52  Supply Depot, SCV  
  119  14:07  Liberator  
  119  14:12  Factory Reactor  
  119  14:14  Hellbat  
  119  14:16  Terran Infantry Weapons Level 2  
  121  14:18  Sensor Tower, Terran Vehicle Weapons Level 1  
  124  14:24  Medivac  
  124  14:30  SCV  
  127  14:42  SCV  
  130  14:46  Marine x2  
  130  14:47  Marine  
  130  14:49  Hellbat  
  135  14:53  SCV  
  135  14:55  SCV  
  137  15:04  Missile Turret  
  137  15:05  SCV  
  137  15:07  SCV  
  139  15:13  Unknown  
  121  15:39  SCV  
  121  15:42  Unknown  
  122  15:43  Missile Turret  
  122  15:47  Command Center  
  122  15:51  SCV  
  122  15:52  Marine  
  122  15:53  Marauder, Marine  
  127  16:03  SCV  
  126  16:14  Marauder  
  126  16:15  SCV  
  126  16:18  Marine  
  132  16:27  SCV  
  132  16:30  Planetary Fortress  
  131  16:36  Marauder  
  133  16:57  Marauder  
Tags
 
Add a new tag
Caveats
  • Supply blocks, unpowered buildings, or Contaminate may cause inaccurate times.
  • Supply counts are checked every 10 seconds.